Map: 뉴커크 재개발 지구 - 토너먼트 (공허의 유산)

Players

MaNa

  • Race: Protoss Protoss
  • Spawn Location: 5:00

Dark - Winner!

  • Race: Zerg Zerg
  • Spawn Location: 7:00

Event: IEM XI Katowice - World Championship 2017

VOD

Have the link to the VOD?

Description

Time

  • Played on: March 3, 2017, 2:41 p.m.
  • Length: 21:49

All games in this series

Show
View Real Time Build Order
Export as new Build Order

MaNa Protoss 

Build Orders: 1 Gate Expand, Oracle Opening 

Get SALT Encoding   

  12  0:00  Probe (Chrono Boost)  
  13  0:11  Probe (Chrono Boost)  
  14  0:18  Pylon  
  14  0:22  Probe (Chrono Boost)  
  15  0:37  Probe (Chrono Boost)  
  15  0:41  Gateway  
  16  0:47  Probe (Chrono Boost)  
  17  0:51  Assimilator  
  17  0:58  Probe (Chrono Boost)  
  18  1:08  Probe (Chrono Boost)  
  19  1:19  Probe (Chrono Boost)  
  20  1:27  Nexus  
  20  1:37  Cybernetics Core  
  20  1:40  Probe (Chrono Boost)  
  20  1:46  Assimilator  
  21  1:51  Probe (Chrono Boost)  
  22  1:57  Pylon  
  22  2:02  Probe (Chrono Boost)  
  23  2:13  Warp Gate  
  23  2:15  Probe (Chrono Boost), Stalker  
  26  2:26  Probe (Chrono Boost)  
  27  2:36  Probe (Chrono Boost)  
  28  2:38  Stargate  
  28  2:39  Probe (Chrono Boost)  
  28  2:42  Adept  
  29  2:48  Probe (Chrono Boost)  
  29  2:49  Probe (Chrono Boost)  
  34  3:00  Probe (Chrono Boost)  
  34  3:01  Probe (Chrono Boost)  
  35  3:10  Probe (Chrono Boost)  
  37  3:13  Probe (Chrono Boost)  
  37  3:17  Oracle  
  37  3:22  Probe (Chrono Boost)  
  37  3:23  Gateway  
  37  3:26  Probe (Chrono Boost)  
  42  3:27  Gateway  
  43  3:34  Pylon  
  43  3:37  Mothership Core (Chrono Boost)  
  43  3:38  Probe (Chrono Boost)  
  45  3:50  Probe (Chrono Boost)  
  46  3:56  Nexus  
  46  3:57  Probe (Chrono Boost)  
  46  3:59  Pylon  
  46  4:00  Probe (Chrono Boost)  
  48  4:08  Void Ray  
  52  4:11  Assimilator  
  52  4:14  Assimilator  
  52  4:15  Probe (Chrono Boost)  
  53  4:17  Probe (Chrono Boost)  
  54  4:28  Probe x2 (Chrono Boost)  
  56  4:32  Adept x3  
  62  4:43  Pylon  
  62  4:50  Pylon  
  62  4:59  Void Ray  
  62  5:01  Probe x2 (Chrono Boost)  
  62  5:02  Pylon  
  68  5:09  Stargate  
  68  5:10  Probe (Chrono Boost)  
  68  5:11  Probe x2 (Chrono Boost)  
  68  5:12  Zealot  
  73  5:16  Zealot  
  73  5:18  Zealot  
  73  5:20  Probe (Chrono Boost)  
  78  5:22  Pylon  
  78  5:25  Probe x2 (Chrono Boost)  
  80  5:35  Pylon  
  80  5:36  Sentry  
  80  5:38  Void Ray  
  80  5:40  Zealot x2  
  86  5:49  Pylon  
  80  6:04  Void Ray  
  80  6:08  Zealot x3  
  87  6:14  Probe x2 (Chrono Boost)  
  87  6:16  Pylon  
  87  6:17  Pylon  
  85  6:27  Void Ray  
  85  6:28  Zealot  
  85  6:29  Zealot x2  
  91  6:50  Probe (Chrono Boost)  
  91  6:52  Adept x2, Probe x2 (Chrono Boost), Void Ray  
  91  6:53  Adept  
  90  6:59  Protoss Air Weapons Level 1  
  90  7:01  Probe (Chrono Boost)  
  95  7:04  Probe (Chrono Boost)  
  95  7:06  Void Ray  
  101  7:23  Probe (Chrono Boost)  
  101  7:24  Probe x2 (Chrono Boost)  
  101  7:27  Fleet Beacon  
  101  7:28  Assimilator  
  103  7:30  Stargate  
  103  7:31  Assimilator  
  103  7:33  Probe (Chrono Boost)  
  103  7:34  Void Ray  
  103  7:36  Probe x2 (Chrono Boost)  
  106  7:37  Adept  
  112  7:46  Probe (Chrono Boost)  
  112  7:47  Forge  
  112  7:48  Probe (Chrono Boost)  
  114  7:55  Probe (Chrono Boost)  
  115  8:02  Void Ray  
  115  8:03  Zealot x3  
  115  8:05  Probe (Chrono Boost)  
  119  8:06  Probe (Chrono Boost)  
  122  8:14  Carrier  
  120  8:21  Protoss Ground Weapons Level 1, Photon Cannon, Void Ray  
  106  8:48  Nexus  
  106  8:57  Pylon  
  106  9:01  Pylon  
  106  9:02  Pylon  
  106  9:20  Pylon  
  106  9:24  Protoss Air Weapons Level 2  
  112  9:25  Pylon  
  112  9:31  Gateway  
  112  9:34  Photon Cannon  
  112  9:36  Zealot, Sentry x2, Photon Cannon  
  122  9:40  Carrier  
  126  9:46  Probe (Chrono Boost)  
  126  9:47  Probe (Chrono Boost)  
  126  9:48  Carrier  
  132  10:05  Probe (Chrono Boost)  
  132  10:06  Probe (Chrono Boost)  
  134  10:13  Oracle  
  139  10:22  Probe x2 (Chrono Boost)  
  139  10:27  Graviton Catapult  
  139  10:35  Photon Cannon  
  139  10:37  Photon Cannon  
  139  10:39  Carrier  
  143  11:06  Carrier  
  143  11:08  Nexus  
  149  11:18  Pylon  
  149  11:19  Pylon  
  149  11:21  Pylon  
  149  11:22  Pylon  
  149  11:24  Carrier  
  155  11:47  Stargate x2  
  155  11:53  Photon Cannon  
  155  11:55  Carrier  
  155  11:56  Robotics Facility  
  157  12:32  Assimilator, Carrier  
  157  12:34  Twilight Council  
  163  12:38  Assimilator  
  163  12:39  Carrier  
  163  12:41  Photon Cannon  
  163  12:43  Photon Cannon  
  163  12:45  Photon Cannon  
  169  12:57  Observer  
  169  13:02  Protoss Air Weapons Level 3  
  170  13:14  Carrier  
  170  13:21  Templar Archives  
  170  13:23  Zealot x4  
  184  13:47  Psionic Storm  
  184  13:53  Photon Cannon  
  184  13:55  Photon Cannon  
  184  14:01  High Templar x2  
  184  14:02  High Templar x2  
  192  14:09  Carrier  
  196  14:21  Photon Cannon  
  196  14:43  Pylon  
  196  14:45  Photon Cannon  
  196  14:46  Pylon, Photon Cannon  
  195  15:06  Pylon  
  195  15:07  Zealot x2, Pylon  
  199  15:18  Photon Cannon  
  199  15:20  Photon Cannon  
  192  15:29  Carrier  
  192  15:32  Carrier  
  196  15:43  Photon Cannon  
  196  15:45  Photon Cannon  
  196  15:46  Photon Cannon  
  196  16:05  Robotics Bay  
  196  16:06  Robotics Facility  
  196  16:09  Nexus  
  196  16:18  Pylon  
  196  16:20  Pylon  
  196  16:27  Protoss Air Armor Level 1  
  196  16:33  Observer  
  196  16:47  Oracle  
  196  16:50  Disruptor  
  194  16:55  Disruptor  
  200  17:22  Disruptor  
  193  17:31  Disruptor  
  185  17:45  Carrier x2  
  179  17:56  Carrier  
  197  18:09  Assimilator  
  197  18:11  Assimilator, Observer  
  198  18:25  Pylon  
  195  18:29  Zealot x2  
  172  18:51  High Templar x4  
  180  18:58  Nexus  
  180  19:06  Oracle  
  150  19:58  High Templar x4  
  155  20:03  Archon x2, Immortal  
  155  20:13  Probe (Chrono Boost)  
  160  20:27  Probe (Chrono Boost)  
  162  20:28  Probe (Chrono Boost)  
  162  20:29  Probe (Chrono Boost)  
  162  20:40  High Templar x3, Probe (Chrono Boost)  
  167  20:46  Archon  
  164  20:50  Probe (Chrono Boost)  
  164  20:56  Probe (Chrono Boost)  
  158  21:09  Probe x2 (Chrono Boost)  
Show
View Real Time Build Order
Export as new Build Order

Dark Zerg - Winner!

Build Orders: Hatch First 

Get SALT Encoding   

  12  0:00  Drone  
  13  0:13  Overlord  
  13  0:19  Drone  
  14  0:32  Drone x2  
  16  0:35  Drone  
  17  0:54  Hatchery  
  17  0:56  Drone  
  17  1:00  Drone  
  18  1:08  Extractor  
  17  1:14  Spawning Pool  
  17  1:17  Drone  
  17  1:21  Drone  
  18  1:30  Drone  
  19  1:39  Drone  
  20  1:52  Hatchery  
  19  1:55  Drone  
  20  2:04  Zergling x2  
  20  2:08  Queen  
  23  2:13  Metabolic Boost  
  23  2:18  Drone  
  23  2:20  Drone  
  25  2:29  Drone  
  26  2:31  Overlord  
  26  2:34  Drone  
  27  2:37  Drone  
  28  2:48  Queen  
  28  2:49  Pneumatized Carapace  
  30  2:55  Drone  
  30  2:56  Drone  
  32  3:01  Overlord  
  32  3:03  Drone  
  33  3:09  Queen  
  34  3:21  Drone x3  
  37  3:27  Drone x5  
  37  3:32  Overlord  
  42  3:36  Overlord  
  42  3:45  Spore Crawler  
  42  3:46  Spore Crawler  
  42  3:47  Queen  
  42  3:51  Spore Crawler  
  42  3:52  Drone  
  42  3:55  Drone x2  
  44  3:57  Drone  
  44  4:00  Drone  
  44  4:01  Drone  
  47  4:03  Drone  
  47  4:06  Evolution Chamber  
  47  4:10  Baneling Nest  
  47  4:11  Drone  
  47  4:13  Drone  
  47  4:16  Drone x2  
  50  4:19  Drone  
  50  4:20  Drone  
  50  4:22  Drone  
  53  4:24  Extractor  
  53  4:29  Zergling x4  
  53  4:30  Zergling x4  
  54  4:39  Drone  
  54  4:40  Drone x2  
  54  4:42  Drone  
  54  4:43  Overlord x2  
  54  4:44  Overlord  
  58  4:55  Overlord  
  58  5:01  Queen  
  58  5:04  Zergling x2  
  58  5:05  Zergling x14  
  68  5:07  Zergling x2  
  69  5:15  Zergling x6  
  69  5:16  Zergling x8  
  76  5:23  Zergling x6  
  76  5:28  Zergling x4  
  81  5:30  Baneling  
  81  5:31  Baneling x7  
  81  5:37  Baneling x6  
  81  5:38  Baneling x6  
  81  5:41  Zergling x8  
  85  5:46  Zergling x6  
  85  5:48  Zergling x4  
  86  5:59  Zergling x6  
  79  6:09  Lair  
  79  6:10  Zerg Melee Weapons Level 1, Queen x2  
  77  6:17  Drone x5  
  77  6:18  Drone x2  
  82  6:26  Drone x2  
  82  6:28  Baneling x2  
  82  6:29  Baneling x2  
  82  6:31  Overlord  
  84  6:39  Hatchery  
  78  6:53  Queen x2  
  71  6:55  Zergling x20  
  71  6:56  Zergling x4  
  71  6:57  Zergling x2  
  84  7:07  Queen  
  84  7:08  Centrifical Hooks  
  86  7:10  Zergling x6  
  86  7:12  Overlord x2  
  89  7:23  Zergling x2  
  89  7:24  Overlord x2  
  89  7:25  Spore Crawler  
  88  7:34  Queen  
  88  7:39  Zergling x22  
  88  7:41  Queen  
  88  7:43  Queen  
  102  7:50  Zergling x12  
  110  8:01  Zergling x4  
  107  8:07  Overlord  
  107  8:08  Zergling x10  
  107  8:12  Baneling x11  
  111  8:13  Baneling x5  
  111  8:18  Queen  
  112  8:26  Queen x2  
  111  8:27  Zergling x2  
  111  8:28  Zergling x6  
  109  8:38  Zergling x14  
  110  8:44  Infestation Pit  
  110  8:46  Drone x3  
  110  8:47  Drone x3  
  107  8:51  Drone  
  107  8:53  Queen  
  110  8:56  Extractor x2, Drone x4  
  110  9:02  Extractor  
  111  9:03  Extractor, Burrow  
  111  9:04  Hatchery  
  109  9:16  Drone  
  109  9:17  Drone x5  
  108  9:22  Infestor  
  113  9:26  Drone  
  113  9:27  Drone x3  
  113  9:28  Drone x3  
  119  9:35  Drone  
  119  9:36  Drone  
  121  9:41  Overlord x3  
  121  9:42  Overlord  
  121  9:43  Hive  
  121  9:59  Queen, Drone  
  125  10:00  Hatchery, Drone x2  
  125  10:04  Hydralisk Den  
  125  10:05  Zerg Melee Weapons Level 2  
  125  10:06  Infestor  
  124  10:15  Infestor  
  124  10:16  Drone x3  
  124  10:18  Drone  
  124  10:20  Extractor  
  129  10:21  Extractor  
  129  10:25  Zergling x18  
  137  10:28  Overseer  
  137  10:33  Spore Crawler  
  137  10:34  Muscular Augments  
  137  10:35  Spore Crawler  
  135  10:38  Hydralisk x3  
  135  10:39  Hydralisk x2  
  135  10:42  Hydralisk  
  145  11:05  Hydralisk x4  
  145  11:06  Drone x2  
  145  11:07  Drone x5  
  145  11:09  Neural Parasite  
  160  11:18  Drone x6  
  164  11:22  Spore Crawler  
  164  11:23  Spore Crawler  
  164  11:24  Spore Crawler, Ultralisk Cavern, Evolution Chamber  
  164  11:25  Spore Crawler  
  159  11:26  Drone x2  
  159  11:27  Drone x2  
  159  11:29  Spore Crawler  
  162  11:35  Adrenal Glands  
  162  11:42  Infestor x2  
  162  11:45  Overlord x3, Extractor  
  162  11:46  Overlord, Extractor  
  164  11:47  Drone  
  164  11:48  Drone  
  166  12:03  Spore Crawler  
  166  12:04  Overlord  
  166  12:05  Spore Crawler  
  166  12:07  Drone x2  
  166  12:08  Spore Crawler x2, Drone  
  165  12:10  Drone x2  
  165  12:11  Chitinous Plating, Zerg Ground Armor Level 1  
  165  12:13  Infestor x3  
  173  12:17  Drone x3  
  176  12:29  Zerg Melee Weapons Level 3  
  176  12:30  Spire, Drone x2  
  176  12:35  Infestor  
  176  12:37  Spore Crawler, Overseer  
  178  12:40  Spore Crawler, Drone  
  178  12:42  Spore Crawler  
  174  12:51  Drone x4  
  178  12:52  Spore Crawler x2  
  178  12:53  Spore Crawler  
  178  12:54  Infestor  
  178  12:55  Infestor x2  
  181  13:00  Drone  
  182  13:05  Spore Crawler  
  182  13:07  Drone x2  
  182  13:08  Spore Crawler x4  
  179  13:14  Zergling x4, Hatchery  
  179  13:15  Zergling x2  
  180  13:24  Spire  
  180  13:25  Zergling x2  
  180  13:26  Zergling x4  
  182  13:42  Ultralisk x2  
  182  13:43  Zerg Flyer Weapons Level 1  
  182  13:47  Baneling x6  
  193  14:15  Zergling x8  
  193  14:16  Baneling x6  
  194  14:27  Viper x2  
  199  14:35  Evolution Chamber  
  199  14:36  Evolution Chamber  
  196  14:39  Hydralisk x7  
  188  14:47  Viper x2  
  188  14:48  Zerg Ground Armor Level 2  
  188  14:49  Zerg Flyer Armor Level 1  
  188  14:50  Corruptor x2  
  188  14:51  Corruptor x2  
  197  14:53  Corruptor  
  197  14:56  Zergling x2  
  197  14:57  Zergling x2  
  200  15:15  Evolution Chamber  
  184  15:35  Drone x2  
  184  15:36  Drone  
  184  15:38  Spore Crawler x2  
  184  15:39  Corruptor x8  
  184  15:40  Spore Crawler  
  199  15:45  Zerg Flyer Weapons Level 2  
  192  16:03  Ultralisk x3  
  197  16:06  Overseer, Overlord x2  
  197  16:07  Overseer x3  
  197  16:09  Corruptor x3  
  199  16:12  Spore Crawler, Extractor x2  
  199  16:13  Spine Crawler x4, Drone  
  199  16:14  Spore Crawler, Drone x6  
  199  16:15  Drone  
  181  17:26  Ultralisk x2  
  186  17:42  Corruptor x10  
  186  17:43  Ultralisk  
  186  17:44  Ultralisk x2  
  197  17:49  Zergling x16  
  199  18:06  Zerg Flyer Armor Level 2  
  199  18:07  Zerg Flyer Weapons Level 3, Zerg Ground Armor Level 3  
  193  18:40  Viper x2  
  192  18:43  Corruptor x4  
  194  18:57  Overlord  
  189  19:21  Corruptor x2  
  187  19:25  Hatchery, Overlord x5  
  184  19:38  Corruptor x7  
  176  19:39  Viper  
  171  19:48  Ultralisk x3  
  171  19:49  Zergling x28  
  197  19:56  Corruptor  
  199  20:04  Evolution Chamber  
  198  20:17  Overseer x2  
  194  20:41  Corruptor x2  
  188  20:54  Ultralisk x2  

Tags
 
Add a new tag
Caveats
  • Supply blocks, unpowered buildings, or Contaminate may cause inaccurate times.
  • Supply counts are checked every 10 seconds.